[Event "Titled Tuesday Blitz June 20 Early 2023"]
[White "Makhnev, Denis"]
[Black "Timerkhanov, Alexander"]
[WhiteFideId "13707647"]
[BlackFideId "24177938"]
[WhiteElo "2515"]
[BlackElo "2278"]
[Result "1-0"]
[Round "5"]
[TimeControl "180+2"]
[Date "2023.06.20"]
[WhiteClock "0:01:09"]
[BlackClock "0:00:00"]
[Board "28"]

1. d4 d5 2. c4 e6 3. Nf3 h6 4. g3 Nf6 5. Bg2 Bd6 6. O-O O-O 7. b3 b6 8. cxd5 exd5 9. Nc3 a6 10. Bb2 Bb7 11. e3 Nbd7 12. Rc1 Qe7 13. Nh4 g6 14. Rc2 Kh7 15. Qa1 Rac8 16. Rd1 Qe6 17. Ne2 Ne4 18. Nf4 Qf6 19. Nf3 g5 20. Nd3 Qe6 21. Nfe5 Nxe5 22. Nxe5 f6 23. Nd3 f5 24. Qc1 f4 25. exf4 gxf4 26. Re1 Qf5 27. Nxf4 Bxf4 28. Qxf4 Qxf4 29. gxf4 Rxf4 30. f3 Ng5 31. Re7+ Rf7 32. Rxf7+ Nxf7 33. Bh3 Rg8+ 34. Kf2 c6 35. Bd7 Rd8 36. Bf5+ Kg7 37. Ba3 Nd6 38. Bd3 Nb5 39. Bb2 Kf6 40. a4 Nd6 41. Bc1 Nf5 42. b4 h5 43. Re2 Rc8 44. Bf4 c5 45. Be5+ Ke6 46. Bg7+ Kf7 47. Bxf5 Rc6 48. b5 axb5 49. axb5 Rd6 50. Be5 Rd8 51. Ra2 1-0


[Site "https://www.chess.com"]

[Event "Titled Tuesday Blitz June 20 Early 2023"]
[White "Durarbayli, Vasif"]
[Black "Druska, Juraj"]
[WhiteFideId "13402935"]
[BlackFideId "14915650"]
[WhiteElo "2551"]
[BlackElo "2415"]
[Result "0-1"]
[Round "5"]
[TimeControl "180+2"]
[Date "2023.06.20"]
[WhiteClock "0:00:00"]
[BlackClock "0:00:20"]
[Board "29"]

1. e4 d6 2. d4 Nf6 3. Nc3 Nbd7 4. Nf3 e5 5. h3 g6 6. Be3 Bg7 7. Qd2 O-O 8. O-O-O Re8 9. dxe5 Nxe5 10. Nxe5 Rxe5 11. f4 Nxe4 12. Nxe4 Rxe4 13. Bd3 Ra4 14. a3 Qf6 15. c3 Bf5 16. Bb5 Ra5 17. Bd4 Qd8 18. Bxg7 Kxg7 19. c4 c6 20. g4 cxb5 21. gxf5 bxc4 22. fxg6 hxg6 23. Qc3+ Kg8 24. h4 Rh5 25. f5 Rxf5 26. h5 Qf6 27. Rd4 Rf1+ 28. Rxf1 Qxf1+ 29. Rd1 Qf4+ 30. Kb1 Qf5+ 31. Ka2 Qxh5 32. Rxd6 Re8 33. Rd7 b5 34. Qf6 Qf5 35. Qc6 c3 36. Rd6 Rc8 0-1


[Site "https://www.chess.com"]

[Event "Titled Tuesday Blitz June 20 Early 2023"]
[White "Weishaeutel, Moritz"]
[Black "Sjugirov, Sanan"]
[WhiteFideId "12967300"]
[BlackFideId "4189302"]
[WhiteElo "2301"]
[BlackElo "2569"]
[Result "1-0"]
[Round "5"]
[TimeControl "180+2"]
[Date "2023.06.20"]
[WhiteClock "0:00:25"]
[BlackClock "0:00:04"]
[Board "30"]

1. e4 c5 2. d4 cxd4 3. c3 Nf6 4. e5 Nd5 5. Nf3 d6 6. Bc4 e6 7. Bxd5 exd5 8. O-O dxe5 9. Nxe5 Be7 10. cxd4 O-O 11. Nc3 Nc6 12. Nxc6 bxc6 13. Bf4 Qb6 14. Re1 Bf6 15. Bd6 Bxd4 16. Qd2 Bf6 17. Bxf8 Kxf8 18. Rac1 Bd7 19. Na4 Qd4 20. Qa5 Kg8 21. Nc5 Bf5 22. Qc7 h5 23. Qxc6 Rf8 24. Nd7 Bxd7 25. Qxd7 Qxb2 26. Qxd5 Bd4 27. Rf1 Bxf2+ 28. Kh1 Bb6 29. Rxf7 Rxf7 30. Rc8+ Kh7 31. Qxh5# 1-0


[Site "https://www.chess.com"]

[Event "Titled Tuesday Blitz June 20 Early 2023"]
[White "Baskakov, Egor"]
[Black "Ashraf, Artin"]
[WhiteFideId "24197866"]
[BlackFideId "22514805"]
[WhiteElo "2225"]
[BlackElo "2224"]
[Result "0-1"]
[Round "5"]
[TimeControl "180+2"]
[Date "2023.06.20"]
[WhiteClock "0:01:09"]
[BlackClock "0:01:16"]
[Board "31"]

1. e4 c5 2. Nf3 d6 3. d4 cxd4 4. Nxd4 Nf6 5. Nc3 a6 6. a4 e6 7. g3 b6 8. Bg2 Bb7 9. O-O Qc7 10. Re1 Be7 11. f4 O-O 12. Be3 Nc6 13. Nxc6 Bxc6 14. Qd2 Qb7 15. Bd4 b5 16. axb5 axb5 17. Rxa8 Rxa8 18. e5 dxe5 19. Bxe5 Rd8 20. Qe2 Bc5+ 21. Kh1 Ng4 22. Ne4 Nf2+ 23. Nxf2 Bxg2+ 24. Kg1 Bh3 0-1


[Site "https://www.chess.com"]

[Event "Titled Tuesday Blitz June 20 Early 2023"]
[White "Aravindh, Chithambaram VR."]
[Black "Souleidis, Georgios"]
[WhiteFideId "5072786"]
[BlackFideId "4206827"]
[WhiteElo "2596"]
[BlackElo "2401"]
[Result "1-0"]
[Round "5"]
[TimeControl "180+2"]
[Date "2023.06.20"]
[WhiteClock "0:00:05"]
[BlackClock "0:00:01"]
[Board "32"]

1. d4 Nf6 2. Nf3 g6 3. e3 Bg7 4. Be2 O-O 5. O-O d6 6. c4 Nbd7 7. Nc3 e5 8. b4 Re8 9. Rb1 e4 10. Nd2 Nf8 11. a4 h5 12. b5 N8h7 13. Qb3 Bg4 14. h3 Bxe2 15. Nxe2 Qd7 16. Bb2 h4 17. d5 g5 18. Kh1 g4 19. Nf4 Nf8 20. Bxf6 Bxf6 21. hxg4 Qxg4 22. Nxe4 Be5 23. f3 Qg7 24. Nh3 Nh7 25. f4 Bf6 26. Qd3 Re7 27. g4 hxg3 28. Nxg3 Qh6 29. Kh2 Ree8 30. Nf5 Qh5 31. e4 Kh8 32. Rg1 Nf8 33. Rbe1 Ng6 34. Qg3 Rg8 35. Qg4 Qh7 36. Qf3 Rae8 37. Rg3 Nh4 38. Nxh4 Qxh4 39. Rxg8+ Rxg8 40. Rg1 Rxg1 41. Kxg1 Qh7 42. Kg2 Qg7+ 43. Kf1 Qh7 44. Nf2 Bd4 45. Qh3 Qxh3+ 46. Nxh3 Kg7 47. Ke2 Kf6 48. Ng5 Bc5 49. Kf3 Bd4 50. Nh3 Bc5 51. Nf2 Kg6 52. Nd3 Bd4 53. e5 Kf5 54. exd6 cxd6 55. Ne1 a6 56. Nc2 Bc5 57. a5 axb5 58. cxb5 Kf6 59. a6 bxa6 60. bxa6 Ke7 61. Ne3 Kd7 62. Nc4 Kc7 63. Ke4 Kd7 64. Kf5 Ke7 65. Na5 1-0


[Site "https://www.chess.com"]

[Event "Titled Tuesday Blitz June 20 Early 2023"]
[White "Fiorito, Joaquin"]
[Black "Henriquez Villagra, Cristobal"]
[WhiteFideId "180173"]
[BlackFideId "3409350"]
[WhiteElo "2199"]
[BlackElo "2542"]
[Result "0-1"]
[Round "5"]
[TimeControl "180+2"]
[Date "2023.06.20"]
[WhiteClock "0:00:02"]
[BlackClock "0:00:17"]
[Board "33"]

1. d4 d6 2. e4 Nf6 3. Nc3 e5 4. Nf3 Nbd7 5. a4 Be7 6. Bc4 O-O 7. O-O h6 8. Re1 c6 9. h3 Re8 10. a5 Bf8 11. d5 b5 12. axb6 Nxb6 13. Ba6 cxd5 14. Bxc8 Qxc8 15. exd5 a5 16. Be3 Nc4 17. b3 Nxe3 18. Rxe3 Nd7 19. Nb5 f5 20. c4 Nc5 21. Qc2 g6 22. Ree1 Qd7 23. Ra2 Ra6 24. Rea1 Rea8 25. Qc3 Qd8 26. Qe3 Kh7 27. Rd1 a4 28. b4 Nb3 29. Nd2 Nxd2 30. Rdxd2 Rb8 31. Rdc2 Qd7 32. Qd3 e4 33. Qe2 Bg7 34. Qd2 a3 35. Rxa3 Rxa3 36. Nxa3 Qa4 37. Nb5 Be5 38. g3 Qb3 39. Qe2 Ra8 40. Kg2 Ra1 41. h4 Qb1 42. f4 Qh1+ 43. Kf2 Qg1# 0-1


[Site "https://www.chess.com"]

[Event "Titled Tuesday Blitz June 20 Early 2023"]
[White "Domingo Nunez, Alejandro"]
[Black "Nogerbek, Kazybek"]
[WhiteFideId "22245561"]
[BlackFideId "13710427"]
[WhiteElo "2291"]
[BlackElo "2498"]
[Result "0-1"]
[Round "5"]
[TimeControl "180+2"]
[Date "2023.06.20"]
[WhiteClock "0:00:02"]
[BlackClock "0:01:04"]
[Board "34"]

1. Nf3 g6 2. g3 Bg7 3. d4 d6 4. Bg2 Nc6 5. O-O Bd7 6. b3 Qc8 7. Re1 Bh3 8. Bh1 h5 9. e4 h4 10. Bb2 hxg3 11. fxg3 Bg4 12. c3 e5 13. Qd3 Nf6 14. Nbd2 O-O 15. d5 Nb8 16. c4 a5 17. Nf1 Na6 18. Qc2 Nc5 19. Ba3 b6 20. Ne3 Bd7 21. Ng2 Qd8 22. Ngh4 Nh7 23. Bc1 Bf6 24. Rf1 Ng5 25. Nxg5 Bxg5 26. Bd2 Bxh4 27. gxh4 Qxh4 28. Bg2 Bh3 29. Bxh3 Qxh3 30. Rae1 f5 31. Re3 Qh5 32. Rg3 f4 33. Rg2 Kf7 34. a3 g5 35. b4 axb4 36. axb4 Nd7 37. Qb3 Ke7 38. c5 bxc5 39. bxc5 Nxc5 40. Qc4 g4 41. Bb4 Ra4 42. Qb5 Rxb4 43. Qxb4 f3 44. Rg3 f2+ 45. Kg2 Rh8 46. Rxf2 Qxh2+ 47. Kf1 Qxg3 48. Qa4 0-1


[Site "https://www.chess.com"]

[Event "Titled Tuesday Blitz June 20 Early 2023"]
[White "Sanal, Vahap"]
[Black "djokovic74"]
[WhiteFideId "6300545"]
[WhiteElo "2606"]
[BlackElo "2629"]
[Result "0-1"]
[Round "5"]
[TimeControl "180+2"]
[Date "2023.06.20"]
[WhiteClock "0:00:48"]
[BlackClock "0:01:10"]
[Board "35"]

1. e4 e6 2. d4 d5 3. Nd2 c5 4. exd5 Qxd5 5. dxc5 Nf6 6. Ngf3 Qxc5 7. Bd3 Nbd7 8. O-O Qc7 9. Nb3 Bd6 10. h3 O-O 11. c3 b6 12. Nbd4 a6 13. Bg5 Bb7 14. Re1 h6 15. Bd2 e5 16. Nf5 e4 17. Bc2 exf3 18. g4 Bh2+ 19. Kh1 Rad8 20. Qc1 Nc5 21. Bxh6 Nfe4 22. Bxe4 Nxe4 23. Rxe4 Bxe4 24. Qg5 f6 25. Qg6 Bxf5 26. gxf5 Bf4 0-1


[Site "https://www.chess.com"]

[Event "Titled Tuesday Blitz June 20 Early 2023"]
[White "Mortazavi, Ali"]
[Black "Ibarra Jerez, Jose Carlos"]
[WhiteFideId "401323"]
[BlackFideId "2226332"]
[WhiteElo "2339"]
[BlackElo "2631"]
[Result "1-0"]
[Round "5"]
[TimeControl "180+2"]
[Date "2023.06.20"]
[WhiteClock "0:00:06"]
[BlackClock "0:00:00"]
[Board "36"]

1. Nf3 d6 2. e4 c5 3. d3 Nc6 4. g3 g6 5. Bg2 Bg7 6. O-O e5 7. a3 Nge7 8. b4 O-O 9. bxc5 dxc5 10. a4 b6 11. Na3 h6 12. Rb1 Be6 13. Nd2 Na5 14. f4 exf4 15. gxf4 Ba2 16. Rb2 Be6 17. Kh1 f5 18. Rb1 Nd5 19. exd5 Bxd5 20. Bb2 Bxb2 21. Rxb2 Bxg2+ 22. Kxg2 Qd4 23. Nac4 Rae8 24. Rf2 Re6 25. Rb1 Nc6 26. Qf3 Rfe8 27. Qg3 Kh7 28. h4 Qd5+ 29. Qf3 Qd8 30. Qg3 Qd5+ 31. Kh2 Nd4 32. Ne5 Nxc2 33. Ndf3 Ne3 34. Rg1 Rg8 35. Qh3 Kg7 36. h5 g5 37. Nxg5 Rxe5 38. fxe5 Qxe5+ 39. Kh1 hxg5 40. Rxg5+ Kh7 41. Rxg8 Kxg8 42. Qf3 Ng4 43. Rg2 Qe1+ 44. Rg1 Qh4+ 45. Kg2 Qxh5 46. Qa8+ Kg7 47. Qxa7+ Kh6 48. Qxb6+ Kg5 49. Qd8+ Kf4 50. Qd6+ Ke3 51. Qg3+ Kd2 52. Qf4+ Ke2 53. Qf1+ Kd2 54. Qc1+ Kxd3 55. Rd1+ Ke4 56. Qc4+ Ke5 57. Qxc5+ Kf6 58. Rd6+ Kg5 59. Qc1+ Kh4 60. Qh1+ Kg5 61. Qxh5+ Kxh5 62. a5 Ne3+ 63. Kf3 Nc4 64. Rd5 Kg6 65. Rc5 Nd2+ 66. Kf4 Ne4 67. Rxf5 Nd6 68. Rd5 Nc4 69. a6 Kf6 70. a7 Nb6 71. Rd6+ 1-0


[Site "https://www.chess.com"]

[Event "Titled Tuesday Blitz June 20 Early 2023"]
[White "Galchenko, Matvey"]
[Black "Ning, Kaiyu"]
[WhiteFideId "24175480"]
[BlackFideId "8614750"]
[WhiteElo "2423"]
[BlackElo "2287"]
[Result "0-1"]
[Round "5"]
[TimeControl "180+2"]
[Date "2023.06.20"]
[WhiteClock "0:00:06"]
[BlackClock "0:00:05"]
[Board "37"]

1. f4 c5 2. Nf3 Nc6 3. g3 g6 4. Bg2 Bg7 5. O-O Nf6 6. d3 d6 7. Nc3 O-O 8. e4 Rb8 9. a4 a6 10. h3 b5 11. axb5 axb5 12. g4 b4 13. Ne2 Nd7 14. Ng3 e6 15. g5 Nd4 16. h4 Qb6 17. Kh2 Bb7 18. h5 Ra8 19. Rxa8 Rxa8 20. Ne1 Ra1 21. Qd2 f5 22. gxf6 Nxf6 23. Bh3 e5 24. hxg6 hxg6 25. f5 Bc8 26. Qg5 gxf5 27. Rg1 Ne6 28. Qxf5 Rxc1 29. Ne2 Rxe1 30. Qxf6 Rxe2+ 31. Kh1 Qc7 32. Bxe6+ Bxe6 33. Qxe6+ Qf7 34. Qc8+ Kh7 35. Qg4 Rxc2 36. Qh3+ Bh6 37. Rf1 Qg6 38. Rg1 Qf7 39. Rf1 Rf2 40. Rxf2 Qxf2 41. Qd7+ Bg7 42. Qh3+ Kg8 43. Qc8+ Qf8 44. Qe6+ Kh8 45. Qh3+ Bh6 46. Kg2 b3 47. Qe6 Qg8+ 0-1


[Site "https://www.chess.com"]

[Event "Titled Tuesday Blitz June 20 Early 2023"]
[White "Bharath Subramaniyam H"]
[Black "Ahmad, Khagan"]
[WhiteFideId "46634827"]
[BlackFideId "13431552"]
[WhiteElo "2400"]
[BlackElo "2209"]
[Result "1-0"]
[Round "5"]
[TimeControl "180+2"]
[Date "2023.06.20"]
[WhiteClock "0:00:57"]
[BlackClock "0:00:47"]
[Board "38"]

1. e4 c5 2. Nf3 d6 3. d4 cxd4 4. Nxd4 Nf6 5. Nc3 a6 6. Rg1 e5 7. Nb3 h5 8. Bg5 Be6 9. Qd2 Nbd7 10. h4 Be7 11. f3 Rc8 12. O-O-O b5 13. Kb1 Nb6 14. Bxf6 Bxf6 15. Qxd6 Qxd6 16. Rxd6 Nc4 17. Bxc4 bxc4 18. Na5 Be7 19. Rxa6 Bb4 20. Nd5 Bc5 21. Rd1 O-O 22. Nc6 Rfe8 23. b4 Bf2 24. b5 Bxh4 25. a4 f5 26. Ra7 Kh7 27. exf5 Bxf5 28. Nde7 Rxc6 29. Nxc6 e4 30. fxe4 Bxe4 31. Rh1 Bf6 32. Rd7 Bxg2 33. Rg1 Re2 34. Nd4 Rd2 35. Ne6 Rxd7 36. Nf8+ Kh6 37. Nxd7 Be4 38. Nxf6 gxf6 39. a5 h4 40. Rg4 1-0


[Site "https://www.chess.com"]

[Event "Titled Tuesday Blitz June 20 Early 2023"]
[White "ArtemDyachuk"]
[Black "Moroni, Luca Jr"]
[BlackFideId "865834"]
[WhiteElo "2616"]
[BlackElo "2569"]
[Result "1-0"]
[Round "5"]
[TimeControl "180+2"]
[Date "2023.06.20"]
[WhiteClock "0:00:04"]
[BlackClock "0:00:12"]
[Board "39"]

1. e4 d6 2. d4 e5 3. Nf3 exd4 4. Qxd4 Nf6 5. Nc3 Be7 6. Be3 O-O 7. O-O-O Nc6 8. Qd2 Be6 9. h3 Rb8 10. g4 b5 11. Bd3 b4 12. Nd5 Nd7 13. Nd4 Nxd4 14. Bxd4 c5 15. Be3 Bxd5 16. exd5 Nb6 17. g5 Na4 18. Qe2 Qa5 19. Rdg1 Rfe8 20. Qf3 Rf8 21. Qe4 g6 22. Qxe7 Nc3 23. bxc3 bxc3 24. Kd1 Qxa2 25. Ke2 c4 26. Be4 Rbe8 27. Qxd6 Rxe4 28. Rc1 Rfe8 29. Qf6 Qa4 30. h4 Qd7 31. h5 gxh5 32. Rcd1 h4 33. Qf3 a5 34. Qh3 Qd6 35. Qf5 a4 36. Ra1 Qc5 37. Kf1 Qd6 38. Qf3 a3 39. Qe2 Qxd5 40. Rg1 Qf5 41. Ke1 h3 42. Rxa3 Qe5 43. Rh1 h2 44. Ra1 Qd6 45. Rd1 Qe5 46. Kf1 Rh4 47. Re1 Qe4 48. f3 Qf5 49. Qf2 Rh3 50. Kg2 Rh5 51. Rxh2 Rxh2+ 52. Kxh2 Re5 53. Qg3 Qe6 54. f4 Re4 55. Qf3 Qf5 56. Kg3 Re8 57. Rd1 Qxc2 58. Rd4 Qf5 59. Rxc4 c2 60. Qf2 Qe6 61. Rxc2 Qxe3+ 62. Qxe3 Rxe3+ 63. Kg4 Ra3 64. f5 Kg7 65. Rc6 Ra4+ 66. Kh5 Ra8 67. f6+ Kg8 68. Kh6 Re8 69. Rc7 Rd8 70. Re7 Rc8 71. Rd7 Rf8 72. Re7 Kh8 73. Rd7 Re8 74. Rxf7 Kg8 75. Rg7+ Kf8 76. Rxh7 Re1 77. Kg6 Ke8 78. Rh8+ Kd7 79. f7 Re6+ 80. Kg7 Re7 81. g6 Ke6 82. Kg8 Kf6 83. f8=Q+ Kxg6 84. Qxe7 Kf5 85. Rh5+ Kf4 86. Rg5 Kf3 87. Qe5 Kf2 88. Qg3+ Kf1 89. Qg2+ Ke1 90. Rf5 Kd1 91. Rf1# 1-0


[Site "https://www.chess.com"]

[Event "Titled Tuesday Blitz June 20 Early 2023"]
[White "Principe, Gerson"]
[Black "Timofeev, Artyom"]
[WhiteFideId "3804550"]
[BlackFideId "4140419"]
[WhiteElo "2229"]
[BlackElo "2570"]
[Result "0-1"]
[Round "5"]
[TimeControl "180+2"]
[Date "2023.06.20"]
[WhiteClock "0:00:00"]
[BlackClock "0:01:04"]
[Board "40"]

1. Nf3 d5 2. e3 g6 3. d4 Bg7 4. Be2 Nf6 5. O-O O-O 6. c3 c5 7. b3 Nc6 8. Ba3 Ne4 9. Nfd2 cxd4 10. Nxe4 dxe4 11. cxd4 Qa5 12. Qd2 Qg5 13. Rd1 Bh3 14. g3 Rfd8 15. Nc3 Qf5 16. Bb2 Rac8 17. Qc2 e5 18. d5 Nd4 19. exd4 exd4 20. Rac1 dxc3 21. Ba3 Rxd5 22. Rxd5 Qxd5 23. Rd1 Qf5 24. Bd6 g5 25. Ba3 h5 26. Bc1 Bg4 27. Bxg4 Qxg4 28. Be3 h4 29. Rd5 h3 0-1


[Site "https://www.chess.com"]

[Event "Titled Tuesday Blitz June 20 Early 2023"]
[White "Gontcharov, Vladislav"]
[Black "Ilamparthi A R"]
[WhiteFideId "4123492"]
[BlackFideId "45015775"]
[WhiteElo "2420"]
[BlackElo "2348"]
[Result "1/2-1/2"]
[Round "5"]
[TimeControl "180+2"]
[Date "2023.06.20"]
[WhiteClock "0:00:09"]
[BlackClock "0:00:05"]
[Board "41"]

1. d4 Nf6 2. c4 g6 3. Nc3 Bg7 4. Nf3 d6 5. Bg5 O-O 6. e3 Nbd7 7. Be2 b6 8. O-O Bb7 9. Qc2 e5 10. Rad1 h6 11. Bh4 e4 12. Nd2 g5 13. Bg3 Re8 14. Rde1 h5 15. f3 h4 16. Bf2 exf3 17. Bxf3 Bxf3 18. Nxf3 h3 19. gxh3 g4 20. hxg4 Nxg4 21. Qf5 Nh6 22. Qh3 Re6 23. Kh1 Rg6 24. Rg1 Nf6 25. Rxg6 fxg6 26. Rg1 Qe8 27. Nh4 Ne4 28. Nxe4 Qxe4+ 29. Qg2 Qxg2+ 30. Rxg2 Re8 31. Nxg6 Nf5 32. Nf4 Nxe3 33. Rg1 Nf5 34. Nh5 Re2 35. Nxg7 Nxg7 36. Bh4 Kf7 37. Bd8 Ne6 38. Bh4 Nxd4 39. Rf1+ Kg6 40. Rf2 Re1+ 41. Kg2 Re4 42. Bg3 Nf5 43. b3 a5 44. Kf3 Rd4 45. Ke2 Re4+ 46. Kd2 Rg4 47. Rf3 a4 48. Kd3 axb3 49. axb3 Rd4+ 50. Kc3 Rd1 51. Bf2 Rf1 52. Kd3 Kg5 53. Be3+ Nxe3 54. Rxe3 Rf2 55. h3 Kf4 56. Re7 Rf3+ 57. Kc2 c5 58. Re6 Rxh3 59. Rxd6 Ke4 60. Rxb6 Rh2+ 61. Kc3 Rh3+ 62. Kb2 Rh2+ 63. Ka3 Kd4 64. Rg6 Rh1 65. Ka4 Rb1 66. Kb5 Rxb3+ 67. Kc6 Kxc4 68. Rg4+ Kc3 69. Kxc5 Rb2 70. Rg3+ Kd2 71. Rg2+ Kc1 72. Rxb2 Kxb2 1/2-1/2


[Site "https://www.chess.com"]

[Event "Titled Tuesday Blitz June 20 Early 2023"]
[White "Kravtsiv, Martyn"]
[Black "Sowul, Bartosz"]
[WhiteFideId "14113147"]
[BlackFideId "1137590"]
[WhiteElo "2695"]
[BlackElo "2188"]
[Result "0-1"]
[Round "5"]
[TimeControl "180+2"]
[Date "2023.06.20"]
[WhiteClock "0:00:39"]
[BlackClock "0:00:26"]
[Board "42"]

1. e4 c5 2. Nf3 d6 3. d4 cxd4 4. Nxd4 Nf6 5. Nc3 Nc6 6. Bb5 Bd7 7. O-O Nxd4 8. Qxd4 Bxb5 9. Nxb5 a6 10. Nc3 e6 11. a4 Be7 12. a5 O-O 13. Bd2 Qc7 14. Qd3 Qc6 15. Rfe1 Rac8 16. h3 Rfd8 17. Qg3 Kh8 18. Bg5 Qc5 19. Be3 Qc6 20. Bd4 e5 21. Bb6 Rd7 22. Rad1 Bd8 23. Bxd8 Rdxd8 24. Rd3 Qc5 25. Red1 Qxa5 26. Rxd6 Rxd6 27. Rxd6 Nxe4 28. Nxe4 Qe1+ 29. Kh2 Qxe4 30. Rd7 Kg8 31. c3 Re8 32. Qf3 Qxf3 33. gxf3 Rb8 34. Re7 f6 35. Kg3 Kf8 36. Rc7 a5 37. Kg4 b5 38. Kf5 b4 39. c4 a4 40. Ra7 a3 41. bxa3 b3 0-1


[Site "https://www.chess.com"]

[Event "Titled Tuesday Blitz June 20 Early 2023"]
[White "Quesada Perez, Yuniesky"]
[Black "Akhmedinov, Satbek"]
[WhiteFideId "3504409"]
[BlackFideId "13714287"]
[WhiteElo "2585"]
[BlackElo "1998"]
[Result "0-1"]
[Round "5"]
[TimeControl "180+2"]
[Date "2023.06.20"]
[WhiteClock "0:01:25"]
[BlackClock "0:02:02"]
[Board "43"]

1. e4 c5 2. Nf3 Nc6 3. Bb5 e5 4. c3 Bd6 5. d3 Nge7 6. O-O O-O 7. Nbd2 a6 8. Ba4 Bc7 9. Re1 d5 10. Bc2 d4 11. cxd4 Nxd4 12. Nxd4 Qxd4 13. Nf3 Qd8 14. Be3 b6 15. Bb3 Be6 16. Bxe6 fxe6 17. a4 a5 18. Qb3 Qd6 19. Nd2 Rad8 20. Rad1 Qxd3 21. Qxe6+ Rf7 22. Nf1 Qxd1 23. Rxd1 Rxd1 24. g3 Kf8 25. Kg2 Rf6 26. Qc8+ Nxc8 0-1


[Site "https://www.chess.com"]

[Event "Titled Tuesday Blitz June 20 Early 2023"]
[White "Mikhailovsky, Vladimir"]
[Black "Garcia Blanco, Omar"]
[WhiteFideId "34105414"]
[BlackFideId "2287153"]
[WhiteElo "2244"]
[BlackElo "2356"]
[Result "1-0"]
[Round "5"]
[TimeControl "180+2"]
[Date "2023.06.20"]
[WhiteClock "0:00:04"]
[BlackClock "0:00:00"]
[Board "44"]

1. e4 c6 2. d4 d5 3. e5 c5 4. Nf3 cxd4 5. Qxd4 Nc6 6. Qf4 e6 7. Bd3 Nb4 8. O-O Nxd3 9. cxd3 Ne7 10. Nc3 Ng6 11. Qg3 Be7 12. d4 O-O 13. Bg5 f6 14. exf6 gxf6 15. Bh6 Bd6 16. Qg4 Rf7 17. Qh5 Bf8 18. Rfe1 Bd7 19. Nh4 Nxh4 20. Qxh4 Bxh6 21. Qxh6 Rg7 22. Re3 Rg6 23. Qh4 Qb6 24. Rae1 Rf8 25. b3 Qb4 26. h3 Rf7 27. Rg3 a5 28. Ree3 Rfg7 29. Rxg6 Rxg6 30. Rg3 Kg7 31. Qf4 Kf7 32. Qc7 Ke7 33. Rxg6 hxg6 34. Qc5+ Qxc5 35. dxc5 Bc6 36. Kf1 d4 37. Nd1 e5 38. f3 Ke6 39. Ke2 Kd5 40. Nb2 Kxc5 41. Kd2 Bb5 42. h4 f5 43. g4 fxg4 44. fxg4 e4 45. h5 gxh5 46. gxh5 e3+ 47. Ke1 d3 48. h6 d2+ 49. Kd1 Bd7 50. h7 Bg4+ 51. Kc2 Bf5+ 52. Kd1 1-0


[Site "https://www.chess.com"]

[Event "Titled Tuesday Blitz June 20 Early 2023"]
[White "Subelj, Jan"]
[Black "Lorparizangeneh, Shahin"]
[WhiteFideId "14618583"]
[BlackFideId "12521604"]
[WhiteElo "2499"]
[BlackElo "2526"]
[Result "0-1"]
[Round "5"]
[TimeControl "180+2"]
[Date "2023.06.20"]
[WhiteClock "0:01:25"]
[BlackClock "0:00:46"]
[Board "45"]

1. e4 e5 2. Nf3 Nc6 3. Bb5 a6 4. Ba4 d6 5. c3 f5 6. exf5 Bxf5 7. d4 e4 8. Nfd2 Nf6 9. Nf1 b5 10. Bc2 d5 11. Ng3 Bg4 12. f3 exf3 13. gxf3 Bh3 14. Kf2 Bd6 15. Re1+ Kf7 16. Bg5 h6 17. Bxf6 Qxf6 18. Bb3 Ne7 19. Nd2 Bf4 20. Nde4 Qh4 21. Nc5 c6 22. Re4 Bf5 23. Rxe7+ Kxe7 24. Qe1+ Kf7 25. Kg1 Rae8 26. Nce4 Bxe4 27. fxe4 Bxg3 28. hxg3 Qxe4 0-1


[Site "https://www.chess.com"]

[Event "Titled Tuesday Blitz June 20 Early 2023"]
[White "Ovchinnikov, Vsevolod"]
[Black "Sethuraman, S.P."]
[WhiteFideId "24176842"]
[BlackFideId "5021596"]
[WhiteElo "2376"]
[BlackElo "2543"]
[Result "0-1"]
[Round "5"]
[TimeControl "180+2"]
[Date "2023.06.20"]
[WhiteClock "0:00:00"]
[BlackClock "0:00:17"]
[Board "46"]

1. d4 Nf6 2. c4 e6 3. g3 d5 4. Bg2 dxc4 5. Qa4+ Nbd7 6. Qxc4 a6 7. Qc2 Bd6 8. Nf3 O-O 9. O-O b5 10. Ne5 Nd5 11. Nc6 Qe8 12. e4 Nb4 13. Nxb4 Bxb4 14. Qxc7 e5 15. Be3 Rb8 16. a3 Rb7 17. Qc6 Ba5 18. Nc3 Rc7 19. Qd6 Rc4 20. Nd5 exd4 21. Bf4 Qe6 22. Rac1 d3 23. Rfd1 Rxc1 24. Rxc1 d2 25. Rd1 Re8 26. b4 Bd8 27. Rxd2 Bb7 28. Qxe6 fxe6 29. Ne3 Nf6 30. f3 Bb6 0-1


[Site "https://www.chess.com"]

[Event "Titled Tuesday Blitz June 20 Early 2023"]
[White "Mendonca, Leon Luke"]
[Black "Pinheiro, Iung Alicio de O."]
[WhiteFideId "35028561"]
[BlackFideId "2104350"]
[WhiteElo "2464"]
[BlackElo "2283"]
[Result "0-1"]
[Round "5"]
[TimeControl "180+2"]
[Date "2023.06.20"]
[WhiteClock "0:00:00"]
[BlackClock "0:00:13"]
[Board "47"]

1. e4 e5 2. Nf3 Nc6 3. Bc4 Nf6 4. d3 Be7 5. a4 d6 6. h3 O-O 7. O-O Kh8 8. c3 Ng8 9. d4 f5 10. exf5 e4 11. Nh2 d5 12. Bb5 Bxf5 13. a5 a6 14. Bxc6 bxc6 15. Nd2 Bd6 16. Nb3 Qh4 17. f4 exf3 18. Nxf3 Qg3 19. Qe1 Bd3 20. Qxg3 Bxg3 21. Rd1 Bc2 22. Bg5 Bxb3 23. Rdc1 Nf6 24. Nd2 Ne4 25. Nxb3 Nxg5 26. Rf1 Ne4 27. Rxf8+ Rxf8 28. Nc1 Bf2+ 29. Kh2 Bg3+ 30. Kg1 Rf2 31. Nd3 Rd2 32. Nb4 Bf2+ 33. Kh2 Bg3+ 34. Kg1 Rxb2 35. Nxa6 Nxc3 36. Nc5 Ne2+ 37. Kh1 Nxd4 38. a6 Nb5 39. Kg1 h5 40. Kf1 Na7 41. Rd1 Bd6 42. Nd3 Ra2 43. Re1 Rxa6 44. Nf2 Ra3 45. Re8+ Kh7 46. Nd1 Nb5 47. Ne3 Nd4 48. Kf2 h4 49. Kf1 Bg3 50. Ng4 Ra1+ 0-1


[Site "https://www.chess.com"]

[Event "Titled Tuesday Blitz June 20 Early 2023"]
[White "Shukhman, Anna"]
[Black "Weetik, Vjacheslav"]
[WhiteFideId "54180058"]
[BlackFideId "4153472"]
[WhiteElo "2235"]
[BlackElo "2469"]
[Result "1-0"]
[Round "5"]
[TimeControl "180+2"]
[Date "2023.06.20"]
[WhiteClock "0:02:04"]
[BlackClock "0:00:00"]
[Board "48"]

1. e4 c6 2. d4 d5 3. f3 dxe4 4. fxe4 e5 5. Nf3 Bg4 6. Bc4 Nd7 7. O-O Bh5 8. Qe1 Bd6 9. Qg3 Bg6 10. dxe5 Qb6+ 11. Kh1 Bc7 12. Nc3 Nh6 13. Bf4 Qxb2 14. e6 fxe6 15. Bxc7 Qxc3 16. Bxe6 Nf6 17. Rad1 Nf7 18. e5 Ne4 19. Bd7+ Kf8 20. Qf4 Kg8 21. Be6 Rf8 22. Bxf7+ 1-0


[Site "https://www.chess.com"]

[Event "Titled Tuesday Blitz June 20 Early 2023"]
[White "Girya, Olga"]
[Black "Mahdavi, Reza"]
[WhiteFideId "4195752"]
[BlackFideId "12595926"]
[WhiteElo "2263"]
[BlackElo "2395"]
[Result "0-1"]
[Round "5"]
[TimeControl "180+2"]
[Date "2023.06.20"]
[WhiteClock "0:00:00"]
[BlackClock "0:00:51"]
[Board "49"]

1. d4 Nf6 2. Nf3 e6 3. c4 Bb4+ 4. Bd2 Bxd2+ 5. Qxd2 d5 6. e3 O-O 7. Nc3 Qe7 8. Qc2 dxc4 9. Bxc4 c5 10. dxc5 Qxc5 11. Bd3 Nc6 12. a3 e5 13. O-O Bg4 14. Ng5 h6 15. Nh7 Nxh7 16. Bxh7+ Kh8 17. Be4 Rfd8 18. Rac1 Rd7 19. b4 Qe7 20. h3 Be6 21. Bxc6 bxc6 22. Na4 Qg5 23. Nc5 Re7 24. f4 exf4 25. exf4 Qg3 26. Rf3 Qh4 27. Qf2 Qxf2+ 28. Rxf2 Bd5 29. Rd2 Rae8 30. b5 Re2 31. Rcc2 Rxd2 32. Rxd2 Re3 33. a4 Rc3 34. Nd7 Be6 35. Ne5 cxb5 36. axb5 Rb3 37. Rd8+ Kh7 38. Ra8 Rb1+ 39. Kh2 Rb2 40. Rxa7 Bd5 0-1


[Site "https://www.chess.com"]